cohdb
Replays
Latest Replays
All Replays
Popular Replays
Top Player Replays
Match Explorer
How It Works
Community
CoH3 Stats
Reddit
Sign in to upload your games and track your stats! →
Sign in with Steam
Match 37418489
Unlisted
Match 37418489
Overview
Messages
Build Orders
End
Construct Infanterie Kompanie
Kettenkrad Recon Vehicle
Grenadier Squad
MG 42 Machine Gun Team
GrW 34 Mortar Team
Construct Panzergrenadier Kompanie
Medical Station
Pioneer Squad
Pioneer Squad
Pioneer Squad
Panzergrenadier Officer Quarters
Pak 40 Anti-tank Gun Team
Selects Breakthrough Battlegroup
Selects Assault Grenadiers
Selects Smoke Bombing Run
Smoke Bombing Run
Pioneer Squad
Pioneer Squad
Pioneer Squad
251 Medium Carrier
FN KGO-TH
ChiKingI
563929817
TidaL
ct331099
Heramant
0
0
Comments
sign in to comment!
No comments posted yet!